 Dungeon Crawl Stone Soup version 0.27.0-1-g7a089689b8 (webtiles) character file.

Game seed: 15756317628143424189

4 sanka the Ducker (level 1, 9/9 HPs)
             Began as a Spriggan Fire Elementalist on July 31, 2021.
             Was a Follower of Cheibriados.
             Quit the game on level 1 of the Dungeon.
             The game lasted 00:00:43 (455 turns).

sanka the Ducker (Spriggan Fire Elementalist)        Turns: 455, Time: 00:00:44

Health: 9/9        AC:  2    Str:  6    XL:     1   Next: 58%
Magic:  5/5        EV: 18    Int: 18    God:    Cheibriados [*.....]
Gold:   2          SH:  0    Dex: 17    Spells: 4/5 levels left

rFire    . . .     SeeInvis +   (weapon restricted)
rCold    . . .     Faith    .   (shield restricted)
rNeg     . . .     Spirit   .   a - +0 robe
rPois    .         Reflect  .   (helmet restricted)
rElec    .         Harm     .   (no cloak)
rCorr    .         Rampage  .   (gloves unavailable)
Will     .....                  (boots unavailable)
Stlth    ++........             (no amulet)
HPRegen  0.03/turn              (no ring)
MPRegen  0.09/turn              (no ring)

@: no status effects
A: very small, no large weapons, unfitting armour, see invisible, speed 3
a: Renounce Religion, Bend Time


You were on level 1 of the Dungeon.
You worshipped Cheibriados.
Cheibriados was aware of your devotion.
You visited 1 branch of the dungeon, and saw 2 of its levels.

You collected 2 gold pieces.


Innate Abilities, Weirdness & Mutations

You are very small and have problems with some larger weapons.
You are too small for most types of armour.
You have supernaturally acute eyesight. (SInv)
You cover ground extremely quickly. (Speed+++)


   Skills:
 + Level 3.3 Dodging
 - Level 3.0 Stealth
 - Level 2.6 Spellcasting
 - Level 0.6 Conjurations
 - Level 2.4 Fire Magic


You had 4 spell levels left.
You knew the following spells:

 Your Spells              Type           Power      Damage    Failure   Level
y - Foxfire               Conj/Fire      28%        2x1d5     9%          1

Your spell library contained the following spells:

 Spells                   Type           Power      Damage    Failure   Level
 Conjure Flame            Conj/Fire      7%         6-21      26%         3
 Inner Flame              Hex/Fire       6%         N/A       30%         3
 Sticky Flame             Conj/Fire      7%         2d3       65%         4
 Fireball                 Conj/Fire      3%         3d4       94%         5

Inventory:

Missiles
 e - 8 poisoned darts
Armour
 a - a +0 robe (worn)
Scrolls
 b - a scroll of enchant armour {unknown}
 c - a scroll of fear {unknown}
Potions
 d - a potion of attraction {unknown}

Dungeon Overview and Level Annotations

Branches:
Dungeon (2/15)

Altars:
Cheibriados

..▒.▒▒▒▒▒▒▒...▒.▒
.................
▒▒.............
▒▒........▒▒....
▒▒......▒+▒▒▒....
. ▒▒...▒...▒
......
...▒▒▒▒...▒▒...▒
▒▒▒▒▒.▒
▒.......▒▒▒..†..
... ▒.....i^▒
▒...▒▒▒ ▒.▒
▒.......▒ ▒...▒
..
▒▒▒▒▒▒...▒▒...▒
▒▒...▒...▒
▒▒....▒.▒ ▒....
▒..▒. ▒▒▒


There were no monsters in sight!


Message History

You start resting.
Magic restored.
You see here a giant cockroach corpse.
You see here a giant cockroach corpse.
Found a stone staircase leading down.
Found 8 poisoned darts.
Found 2 gold pieces.
A rat comes into view.
You conjure some foxfire!
You conjure some foxfire!
The foxfire hits the rat.
You kill the rat!
Your foxfire dissipates!
Unknown command.
Your foxfire dissipates!
Found a faded altar of an unknown god.
You see here 8 poisoned darts.
e - 8 poisoned darts You now have 2 gold pieces.
There is a faded altar of an unknown god here.
You cannot tell which god this altar belongs to.
Convert to them anyway?
Cheibriados accepts your prayer! Cheibriados welcomes you!
Cheibriados begins to support your attributes as your movement slows.
You can now bend time to slow others.
Cheibriados is now slowing the effects of poison on you.
Cheibriados raises the support of your attributes as your movement slows.
Unknown command.
Press < or > to pray at altars.
Are you sure you want to abandon this character and quit the game? (Confirm with "yes".)

Action                   || total
-------------------------++-------
Melee: Unarmed           ||     2
 Cast: Foxfire           ||    15
Armor: Robe              ||     2
Dodge: Dodged            ||     3

Levels and vault maps discovered:
D:1:      roderic_octagonal_star, layout_basic,
          hellmonk_ecumenical_altar_crossroads
D:2:      layout_basic, minmay_circle_x, uniq_natasha

Notes
Turn   | Place    | Note
-------+----------+-------------------------------------------
     0 | D:1      | sanka the Spriggan Fire Elementalist began the quest for
                  | the Orb.
     0 | D:1      | Reached XP level 1. HP: 9/9 MP: 5/5
   271 | D:1      | Reached skill level 3 in Dodging
   444 | D:1      | Found a faded altar of an unknown god.
   454 | D:1      | Became a worshipper of Cheibriados the Contemplative
   454 | D:1      | Reached * piety under Cheibriados
   455 | D:1      | Quit the game

Vanquished Creatures
  A ball python (D:1)
  An endoplasm (D:1)
  A giant cockroach (D:1)
  A rat (D:1)
4 creatures vanquished.

Vanquished Creatures (others)
  18 foxfires (D:1)
18 creatures vanquished.

Grand Total: 22 creatures vanquished
